 Dungeon Sprint DCSS version 0.19-a0-45-g2c295ea (webtiles) character file.

7700000 namelastname112 the Plane Walker (level 23, -106/131 HPs)
             Began as a Felid Warper on May 5, 2016.
             Was the Champion of Makhleb.
             Annihilated by a destroyer
             ... wielding a +9 great sword of slicing
              (237 damage)
             ... in the Dungeon (Sprint VIII: "Arena of Blood").
             The game lasted 00:01:48 (77 turns).

namelastname112 the Plane Walker (Felid Warper)       Turns: 77, Time: 00:01:49

Health: -106/131   AC:  3    Str:  7    XL:     23   Next: 38%
Magic:  55/55      EV: 44    Int: 17    God:    Makhleb [******]
Gold:   0          SH:  0    Dex: 24    Spells: 1 memorised, 75 levels left
                                        Lives:  0   Deaths: 2

rFire  . . .     SeeInvis +       - Unarmed
rCold  + . .     Gourm    .     (armour unavailable)
rNeg   . . .     Faith    .     (shield unavailable)
rPois  .         Spirit   .     (helmet unavailable)
rElec  .         Dismiss  .     (cloak unavailable)
rCorr  .         Reflect  .     (gloves unavailable)
SustAt .         Harm     .     (boots unavailable)
MR     +++..     NoTele   +     (no amulet)
Stlth  ++++++++++               (no ring)
                                i - +27000 ring of slaying

@: quick, extremely resistant to hostile enchantments, uncannily stealthy
A: no armour, no weapons or thrown items, claws 1, fangs 3, see invisible,
carnivore 3, speed 1, shaggy fur 3, slow metabolism 1, sharp paws
a: Minor Destruction, Lesser Servant of Makhleb, Major Destruction, Greater
Servant of Makhleb, Renounce Religion


You were in the Dungeon.
You worshipped Makhleb.
Makhleb was exalted by your worship.
You were not hungry.

You visited 1 branch

Inventory:

Jewellery
 i - a +27000 ring of slaying (left paw)
Scrolls
 b - 2 scrolls of blinking
Potions
 d - a potion of curing
 e - a potion of heal wounds
 f - a potion of haste
 g - 2 potions of magic
 h - a potion of berserk rage
Books
 a - a book of Spatial Translocations

   Spells                             Type                      Level
   a - Apportation                    Translocation                1
   b - Blink                          Translocation                2
   c - Shroud of Golubria             Charms/Translocation         2
   d - Portal Projectile              Translocation                3
   e - Teleport Other                 Translocation                3
   f - Passage of Golubria            Translocation                4
Comestibles
 c - a meat ration


   Skills:
 O Level 27 Fighting
 O Level 27 Dodging
 O Level 27 Stealth
 O Level 27 Unarmed Combat
 O Level 27 Spellcasting
 O Level 27 Translocations
 O Level 27 Invocations


You had 75 spell levels left.
You knew the following spells:

 Your Spells              Type           Power        Failure   Level  Hunger
e - Apportation           Tloc           #######...   0%          1    None


Dungeon Overview and Level Annotations

Branches:
Dungeon (1/1)

Altars:
Makhleb


Innate Abilities, Weirdness & Mutations

You cannot wear armour.
You are incapable of wielding weapons or throwing items.
You have sharp claws.
You have razor-sharp teeth.
You have supernaturally acute eyesight.
You are carnivorous and can eat meat at any time.
You cover ground quickly.
Your thick and shaggy fur keeps you warm (AC +3, rC+).
You have a slow metabolism.
Your sharp claws are effective at attacking unaware monsters.


Message History

You hear a shout! x8
A bag of meat comes into view. It is wielding a +9 war axe.
The bag of meat shouts!
You eviscerate the meat berserker!!!!!!!!!
You kill the meat berserker!
Makhleb accepts your kill.
Welcome back to level 23!
You hear a shout! x4
The destroyer blinks!
A meat beast comes into view.
Health restored: 131; MP restored: 55 You eviscerate the destroyer!!!!!!!!!!!!
You destroy the destroyer!
Makhleb accepts your kill.
You hear a shout! x2
The meat beast moves out of view.
You hear a shout! x4
The destroyer hits you with a +9 great sword of slicing!!!!!
Ouch! That really hurt!
You die...

.........###.......o.#
....###......O###Oo...
.....
#......W#........
..#...o.oX#.o......
...................
.......oo...O.#2.o#
.........zo..#.Lo.#
.........2V##zo...#
.#........#@o....#
..........#.).###..
##.#.............
...................
....#.....####.....
........ยง.. .....
............ ..##
......=...... ###


You could see 2 meat beasts, a tyrant, a destroyer, 2 sculptors of flesh, a
large abomination, a dread, a meat berserker (berserk) and 9 bags of meat.

Vanquished Creatures
  4 vampire knights (D)
  12 ogres (D)
  27 orcs (D)
  3 hill giants (D)
  A skeletal warrior (D)
  A large abomination (D)
48 creatures vanquished.

Vanquished Creatures (others)
  2 small abominations (D)
  A crawling corpse (D)
3 creatures vanquished.

Grand Total: 51 creatures vanquished

Notes
Turn   | Place    | Note
--------------------------------------------------------------
     0 | D        | namelastname112 the Felid Warper began the quest for the Orb.
     0 | D        | Reached XP level 1. HP: 9/9 MP: 4/4
     5 | D        | Noticed a bag of meat
     7 | D        | Noticed a bag of meat
     8 | D        | Became a worshipper of Makhleb the Destroyer
     9 | D        | Noticed a bag of meat
    13 | D        | Noticed a meat berserker
    13 | D        | Noticed a meat berserker
    14 | D        | Killed a bag of meat
    14 | D        | Reached XP level 2. HP: 24/24 MP: 4/16
    14 | D        | Reached XP level 3. HP: 27/27 MP: 4/17
    14 | D        | Reached XP level 4. HP: 31/31 MP: 4/19
    14 | D        | Reached XP level 5. HP: 35/35 MP: 4/20
    14 | D        | Gained mutation: You are covered in thick fur (AC +2). [Felid growth]
    14 | D        | Reached XP level 6. HP: 39/39 MP: 4/22
    14 | D        | Reached XP level 7. HP: 43/43 MP: 4/23
    14 | D        | Reached XP level 8. HP: 47/47 MP: 4/25
    14 | D        | Reached XP level 9. HP: 51/51 MP: 4/26
    14 | D        | Reached XP level 10. HP: 55/55 MP: 4/27
    14 | D        | Reached XP level 11. HP: 58/58 MP: 4/28
    15 | D        | Noticed a bag of meat
    15 | D        | Noticed a bag of meat
    15 | D        | Noticed a bag of meat
    15 | D        | Killed a bag of meat
    15 | D        | Reached * piety under Makhleb
    15 | D        | Reached skill level 15 in Fighting
    15 | D        | Reached skill level 15 in Unarmed Combat
    15 | D        | Gained mutation: Your thick and shaggy fur keeps you warm (AC +3, rC+). [Felid growth]
    15 | D        | Reached XP level 12. HP: 66/66 MP: 4/31
    17 | D        | Noticed a meat berserker
    18 | D        | Noticed a bag of meat
    18 | D        | Noticed a bag of meat
    18 | D        | Noticed a bag of meat
    18 | D        | Noticed a bag of meat
    18 | D        | Noticed a bag of meat
    18 | D        | Noticed a bag of meat
    18 | D        | Noticed a meat berserker
    18 | D        | Noticed a bag of meat
    19 | D        | Noticed a bag of meat
    19 | D        | Noticed a bag of meat
    20 | D        | Noticed a bag of meat
    20 | D        | Noticed a bag of meat
    20 | D        | Killed a meat berserker
    20 | D        | Reached XP level 13. HP: 73/73 MP: 5/34
    20 | D        | Reached XP level 14. HP: 77/77 MP: 5/35
    20 | D        | Noticed a bag of meat
    21 | D        | Noticed a bag of meat
    21 | D        | Killed a meat berserker
    21 | D        | Reached ** piety under Makhleb
    21 | D        | Reached XP level 15. HP: 83/83 MP: 5/38
    22 | D        | Killed a meat berserker
    22 | D        | Reached skill level 27 in Translocations
    23 | D        | Noticed a meat berserker
    23 | D        | Killed a meat berserker
    23 | D        | Reached *** piety under Makhleb
    23 | D        | Reached skill level 27 in Dodging
    23 | D        | Reached XP level 16. HP: 93/93 MP: 5/42
    25 | D        | Reached XP level 17. HP: 100/100 MP: 5/45
    26 | D        | Reached **** piety under Makhleb
    28 | D        | Noticed a meat berserker
    30 | D        | Noticed a large bag of meat
    30 | D        | Noticed a large bag of meat
    30 | D        | Reached skill level 27 in Fighting
    30 | D        | Reached skill level 27 in Unarmed Combat
    31 | D        | Noticed a destroyer
    32 | D        | Reached ***** piety under Makhleb
    32 | D        | Reached skill level 27 in Spellcasting
    32 | D        | Reached XP level 18. HP: 109/109 MP: 7/50
    34 | D        | Killed a meat berserker
    35 | D        | Killed a large bag of meat
    36 | D        | Reached skill level 27 in Stealth
    36 | D        | Reached XP level 19. HP: 62/113 MP: 7/51
    37 | D        | Killed a destroyer
    37 | D        | Reached ****** piety under Makhleb
    37 | D        | Reached skill level 27 in Invocations
    39 | D        | Noticed a destroyer
    39 | D        | Killed a meat berserker
    39 | D        | Reached XP level 20. HP: 118/118 MP: 8/52
    44 | D        | Noticed a meat berserker
    46 | D        | Reached XP level 21. HP: 122/122 MP: 9/53
    49 | D        | Killed a destroyer
    50 | D        | Noticed a destroyer
    51 | D        | Reached XP level 22. HP: 127/127 MP: 10/54
    53 | D        | Noticed an accursed
    53 | D        | Noticed a destroyer
    55 | D        | Killed a destroyer
    55 | D        | Reached XP level 23. HP: 131/131 MP: 11/55
    62 | D        | Noticed a dread
    62 | D        | Reached XP level 24. HP: 136/136 MP: 12/55
    64 | D        | Killed from afar by a large bag of meat
    65 | D        | Reached XP level 23. HP: 35/131 MP: 12/55
    65 | D        | Noticed a destroyer
    67 | D        | Noticed a meat beast
    67 | D        | Annihilated by a destroyer
    68 | D        | Reached XP level 22. HP: -55/127 MP: 54/54
    71 | D        | Noticed a destroyer
    73 | D        | Noticed a tyrant
    75 | D        | Noticed a meat beast
    76 | D        | Reached XP level 23. HP: 131/131 MP: 55/55
    77 | D        | Noticed a meat beast
    77 | D        | Killed a destroyer
    77 | D        | Annihilated by a destroyer

Vault maps used:
D:        meatsprint

Skill      XL: |  1  2  3  4  5  6  7  8  9 10 11 12 13 14 15 16 17 18 19 |
---------------+----------------------------------------------------------+-----
Fighting       | 13 15 17 19 22 24 27 | 27.0
Dodging        | 16 19 21 23 27 | 27.0
Unarmed Combat | 13 15 17 19 22 24 27 | 27.0
Spellcasting   | 12 14 16 18 21 23 27 | 27.0
Translocations | 18 20 23 25 27 | 27.0
Stealth        | 8 27 | 27.0
Invocations    | 6 21 27 | 27.0

Action                   |  1- 3 |  4- 6 |  7- 9 | 10-12 | 13-15 | 16-18 | 19-21 | 22-24 || total
-------------------------+-------+-------+-------+-------+-------+-------+-------+-------++-------
Melee: Unarmed           |     1 |       |       |     2 |     3 |    10 |    15 |    18 ||    49
Armor: Skin              |       |       |       |       |       |       |       |     1 ||     1
Dodge: Dodged            |       |       |       |       |       |     2 |     1 |    13 ||    16
